 Dungeon Crawl Stone Soup version 0.28.0-43-g3370ac3207 (webtiles) character file.

Game seed: 12992958763593818175

1430 pkoi the Martial Artist (level 8, -2/70 HPs)
             Began as a Yellow Draconian Monk on Mar 20, 2022.
             Slain by an ice beast (14 damage)
             ... on level 6 of the Dungeon.
             The game lasted 00:06:12 (7207 turns).

pkoi the Martial Artist (Yellow Draconian Monk)     Turns: 7207, Time: 00:06:13

Health: -2/70      AC:  7    Str: 13    XL:     8   Next: 44%
Magic:  8/8        EV: 14    Int: 13    God:
Gold:   140        SH:  0    Dex: 14    Spells: 7/7 levels left

rFire   . . .      SeeInvis .     - Unarmed
rCold   . . .      Faith    .   (no shield)
rNeg    . . .      Spirit   .   (armour unavailable)
rPois   .          Reflect  .   (helmet restricted)
rElec   .          Harm     .   k - +0 cloak
rCorr   +          Rampage  .   (no gloves)
Will    .....                   (no boots)
Stlth   ++........              (no amulet)
HPRegen 0.21/turn               (no ring)
MPRegen 0.11/turn               (no ring)

@: short of breath, slowed, very slow
A: spit acid, AC +6, unfitting armour, cold-blooded, acid resistance
a: Breathe Acid


You were on level 6 of the Dungeon.
You visited 1 branch of the dungeon, and saw 6 of its levels.

You collected 140 gold pieces.

Inventory:

Hand Weapons
 g - a +2 falchion of electrocution
 r - a +0 flail of venom
Missiles
 d - 12 poisoned darts (quivered)
 o - 4 atropa-tipped darts
Armour
 k - a +0 cloak (worn)
Wands
 l - a wand of digging (4)
Scrolls
 a - a scroll of teleportation
 c - 2 scrolls of fog {unknown}
 n - 2 scrolls of identify
Potions
 b - a potion of attraction
 e - 3 potions of might
 f - a potion of flight {unknown}
 j - a potion of curing
 m - a potion of brilliance


   Skills:
 - Level 6.0 Fighting
 - Level 5.0 Dodging
 - Level 1.7 Stealth
 * Level 8.8 Unarmed Combat


You had 7 spell levels left.
You didn't know any spells.
Your spell library contained the following spells:

 Spells                   Type           Power      Damage    Failure   Level
 Summon Small Mammal      Summ           0%         N/A       30%         1
 Call Canine Familiar     Summ           0%         N/A       67%         3
 Ignite Poison            Fire/Tmut/Pois 0%         N/A       67%         3
 Mephitic Cloud           Conj/Pois/Air  0%         N/A       67%         3
 Summon Guardian Golem    Hex/Summ       0%         N/A       67%         3
 Freezing Cloud           Conj/Ice/Air   0%         6-21      100%        5


Dungeon Overview and Level Annotations

Branches:
Dungeon (6/15)             Temple (0/1) D:6

Altars:

Shops:
D:4 [

Annotations:
D:2 Natasha


Innate Abilities, Weirdness & Mutations

You can spit globs of acid.
Your golden yellow scales are hard. (AC +6)
You cannot fit into any form of body armour.
You are cold-blooded and may be slowed by cold attacks.
You are resistant to acid. (rCorr)


Message History

The ice beast hits you but does no damage.
You hit the ice beast but do no damage.
The ice beast is heavily wounded.
The ice beast hits you. The ice beast freezes you!
You feel yourself slow down.
* * * LOW HITPOINT WARNING * * *
You hit the ice beast.
The ice beast is heavily wounded.
The ice beast hits you.
* * * LOW HITPOINT WARNING * * *
The ice beast freezes you!
* * * LOW HITPOINT WARNING * * *
You closely miss the ice beast. Your punch misses the ice beast.
The ice beast is heavily wounded.
You feel yourself speed up. The ice beast hits you.
* * * LOW HITPOINT WARNING * * *
The ice beast freezes you.
* * * LOW HITPOINT WARNING * * *
You punch the ice beast! You punch the ice beast.
The ice beast is almost dead.
The ice beast hits you.
* * * LOW HITPOINT WARNING * * *
The ice beast freezes you!
You feel yourself slow down.
* * * LOW HITPOINT WARNING * * *
Unknown command.
You hit the ice beast but do no damage.
The ice beast is almost dead.
The ice beast closely misses you.
Unknown command.
You closely miss the ice beast.
The ice beast is almost dead.
You feel yourself speed up. The ice beast hits you.
* * * LOW HITPOINT WARNING * * *
The ice beast freezes you!
* * * LOW HITPOINT WARNING * * *
The ice beast hits you.
* * * LOW HITPOINT WARNING * * *
The ice beast freezes you!
You feel yourself slow down.
You die...

#..#####......#
###.####...#...#...#######
...........#.####.........
#########....# #.#######.
#.#### #.# ##+## #.#####
##...## #.....###
##.....## #........
#..Y@...## #.#.#.##.
#..........###.....##.
............'..........
##..........###....###.
#.#.......## #.#.## #
##.....## #..... ##...##
###.### ##'## .# #. #


You could see an ice beast.

Vanquished Creatures
  Sigmund (D:3)
  A black bear (D:6)
  2 necrophages (D:5)
  3 ogres
  A centaur (D:5)
  A kobold brigand (D:6)
  2 scorpions (D:6)
  A water moccasin skeleton (D:4)
  A howler monkey (D:4)
  2 orc priests (D:5)
  2 hounds
  A jelly (D:5)
  An iguana (D:5)
  Terence (D:2)
  2 orc wizards
  7 adders
  A shadow imp (D:5)
  2 ufetubi
  14 orcs
  5 bats
  5 endoplasms
  3 giant cockroaches
  2 goblins
  7 hobgoblins
  7 jackals
  5 kobolds
  3 quokkas
  4 ball pythons
  4 frilled lizards
  A jackal skeleton (D:4)
  5 rats
97 creatures vanquished.

Notes
Turn   | Place    | Note
-------+----------+-------------------------------------------
     0 | D:1      | pkoi the Draconian Monk began the quest for the Orb.
     0 | D:1      | Reached XP level 1. HP: 19/19 MP: 1/1
   795 | D:2      | Reached XP level 2. HP: 24/26 MP: 2/2
  1248 | D:2      | Noticed Natasha
  1250 | D:2      | Noticed Terence
  1270 | D:2      | Noticed a crimson imp
  1691 | D:2      | Reached XP level 3. HP: 33/33 MP: 3/3
  1766 | D:3      | Found a faded altar of an unknown god.
  1885 | D:3      | Noticed Sigmund
  1966 | D:2      | Reached skill level 4 in Unarmed Combat
  1967 | D:2      | Reached XP level 4. HP: 26/40 MP: 4/4
  2367 | D:4      | Noticed an ogre
  2407 | D:3      | Reached XP level 5. HP: 12/46 MP: 5/5
  2812 | D:2      | Killed Terence
  3105 | D:3      | Reached skill level 5 in Unarmed Combat
  3324 | D:3      | Killed Sigmund
  3325 | D:3      | Reached XP level 6. HP: 38/55 MP: 6/6
  3673 | D:4      | Found Teronomn's Armour Shoppe.
  3951 | D:4      | Reached skill level 5 in Fighting
  3951 | D:4      | Reached skill level 6 in Unarmed Combat
  3978 | D:4      | Your scales start taking on a golden yellow colour.
  3978 | D:4      | Reached XP level 7. HP: 25/61 MP: 7/7
  3978 | D:4      | Gained mutation: You are resistant to acid. (rCorr) [Yellow
                  | Draconian growth]
  4426 | D:5      | Entered Level 5 of the Dungeon
  5326 | D:5      | Reached skill level 7 in Unarmed Combat
  5863 | D:5      | Reached XP level 8. HP: 58/70 MP: 8/8
  6007 | D:5      | Reached skill level 5 in Dodging
  6455 | D:6      | Reached skill level 8 in Unarmed Combat
  6903 | D:6      | Found a staircase to the Ecumenical Temple.
  7207 | D:6      | Slain by an ice beast

Illustrated notes

Levels and vault maps discovered:
D:1:      dpeg_arrival_rooms_b, layout_loops_ring
D:2:      layout_rooms, minmay_misc_feat_doors, uniq_natasha, uniq_terence
D:3:      layout_basic, hellmonk_ecumenical_altar_run_dry, uniq_sigmund
D:4:      layout_gridville, serial_shops, nicolae_stop_n_shop_1,
          minmay_misc_feat_diagonals, grunt_ministairs_14,
          minmay_three_crescents
D:5:      layout_rooms
D:6:      layout_loops_corners, minmay_temple_entry_from_below_a,
          minmay_starry_boxes

Skill      XL: |  1  2  3  4  5  6  7  8 |
---------------+-------------------------+-----
Dodging        | 3 4 5 |  5.0
Unarmed Combat | 4 5 6 7 8 |  8.8
Fighting       | 4 5 6 |  6.0
Stealth        | |  1.7

Action                   |  1- 3 |  4- 6 |  7- 9 || total
-------------------------+-------+-------+-------++-------
Melee: Unarmed           |    74 |   207 |   151 ||   432
       Tailslap          |    11 |    27 |    21 ||    59
       Punch             |     2 |    10 |     6 ||    18
 Abil: Breathe Acid      |       |       |     9 ||     9
  Use: Potion            |       |     5 |       ||     5
       Scroll            |       |       |     9 ||     9
 Stab: Sleeping          |     5 |     1 |       ||     6
Armor: Skin              |    20 |    62 |    43 ||   125
Dodge: Dodged            |    60 |   143 |   110 ||   313
